 Dungeon Crawl Stone Soup version 0.16.1-18-g436b03c (webtiles) character file.

101 noize the Chiller (level 4, -1/21 HPs)
             Began as a Vine Stalker Ice Elementalist on May 5, 2015.
             Slain by a worm (8 damage)
             ... on level 2 of the Dungeon.
             The game lasted 00:06:41 (1673 turns).

noize the Chiller (Vine Stalker Ice Elementalist)   Turns: 1673, Time: 00:06:41

Health: -1/21      AC:  3    Str: 11    XL:     4   Next: 75%
Magic:  0/9        EV: 12    Int: 16    God:
Gold:   82         SH:  0    Dex: 14    Spells: 2 memorised, 5 levels left

rFire  . . .     SeeInvis .     l - -1 dagger (curse)
rCold  . . .     Clarity  .     a - +0 robe
rNeg   . . .     SustAb   .     (no shield)
rPois  .         Gourm    .     f - +1 hat
rElec  .         Spirit   +     (no cloak)
rCorr  .         Warding  .     (no gloves)
rMut   .         Stasis   .     (no boots)
MR     .....                    (no amulet)
Stlth  ++........               (no ring)
                                (no ring)

@: very slightly contaminated, not resistant to hostile enchantments, unstealthy
A: fangs 2, regeneration 1, magic shield, antimagic bite, no device heal 3, rot
immunity
a: no special abilities


You were on level 2 of the Dungeon.
You were not hungry.

You visited 1 branch of the dungeon, and saw 2 of its levels.

You collected 82 gold pieces.

Inventory:

Hand weapons
 l - a cursed -1 dagger (weapon)
Armour
 a - a +0 robe (worn)
 f - a +1 hat (worn)
Scrolls
 d - a scroll of recharging {unknown}
 e - 2 scrolls of teleportation {unknown}
 m - a scroll of identify {unknown}
 o - a scroll of remove curse {unknown}
 q - a scroll of fear {unknown}
 s - a scroll of fog {unknown}
Potions
 g - 2 potions of resistance {unknown}
 h - a potion of decay {unknown}
 i - a potion of might {unknown}
 j - a potion of ambrosia {unknown}
 k - 3 potions of curing {unknown}
 n - a potion of cure mutation {unknown}
 r - a potion of cancellation {unknown}
Books
 b - a book of Frost

   Spells                             Type                      Level
   a - Freeze                         Ice                          1
   b - Throw Frost                    Conjuration/Ice              2
   c - Ozocubu's Armour               Charms/Ice                   3
   d - Throw Icicle                   Conjuration/Ice              4
   e - Summon Ice Beast               Ice/Summoning                4
   f - Condensation Shield            Ice                          4
Comestibles
 c - 2 bread rations
 p - 2 fruits
 t - a meat ration


   Skills:
 + Level 1.9 Dodging
 + Level 3.6 Stealth
 - Level 2.5 Spellcasting
 * Level 2.2 Conjurations
 * Level 3.8 Ice Magic


You had 5 spell levels left.
You knew the following spells:

 Your Spells              Type           Power        Failure   Level  Hunger
a - Freeze                Ice            ##..         6%          1    #......
b - Throw Frost           Conj/Ice       ##....       10%         2    ##.....


Dungeon Overview and Level Annotations

Branches:
Dungeon (2/15)

Altars:
Trog
Xom


Innate Abilities, Weirdness & Mutations

You have extremely sharp teeth.
Your natural rate of healing is unusually fast.
When hurt, damage is shared between your health and your magic reserves.
Your bite disrupts and absorbs the magic of your enemies.
Potions and wands cannot restore your health.
You are immune to rotting.


Message History

Casting: Freeze
Confirm with . or Enter, or press ? or * to list all spells.
Aiming: Freeze
Press: ? - help, Shift-Dir - straight line, f/p - worm
Aim: a worm (heavily wounded)
You miscast Freeze.
You are very lightly contaminated with residual magic.
Nothing appears to happen.
You hit the worm.
The worm is severely wounded.
The worm completely misses you.
You hit the worm but do no damage. Your bite misses the worm.
The worm is severely wounded.
The worm bites you.
You hit the worm.
The worm is severely wounded.
You hit the worm but do no damage. Your bite misses the worm.
The worm is severely wounded.
The worm bites you!
You die...

###### #.w@.### #.##...##
####.####..##
##..r....##..#
##.........##.#
#........r..#.#
#...w###....#.#
#...##y##...#.###########
#....###....#...........#


You could see a worm.

Vanquished Creatures
  An adder (D:2)
  A gnoll (D:1)
  A giant mite (D:2)
  A worm (D:1)
  2 giant geckos
  9 oozes
  3 bats
  5 giant cockroaches
  5 goblins
  7 hobgoblins
  3 jackals (D:1)
  A quokka (D:2)
  2 giant newts (D:2)
  3 kobolds
  12 rats
56 creatures vanquished.

Notes
Turn   | Place    | Note
--------------------------------------------------------------
     0 | D:1      | noize, the Vine Stalker Ice Elementalist, began the quest for the Orb.
     0 | D:1      | Reached XP level 1. HP: 9/9 MP: 3/3
     1 | D:1      | Found a runed door.
   461 | D:1      | Reached XP level 2. HP: 11/13 MP: 1/5
   465 | D:1      | Learned a level 2 spell: Throw Frost
   831 | D:1      | Reached XP level 3. HP: 3/16 MP: 1/7
  1140 | D:1      | Reached XP level 4. HP: 17/21 MP: 1/9
  1253 | D:2      | Found a shimmering altar of Xom.
  1644 | D:2      | Noticed a moth of wrath
  1646 | D:2      | Found a bloodstained altar of Trog.
  1673 | D:2      | Slain by a worm

Action                   |  1- 3 |  4- 6 || total
-------------------------+-------+-------++-------
Melee: Unarmed           |    13 |       ||    13
       Dagger            |    62 |    49 ||   111
 Cast: Freeze            |    60 |    40 ||   100
 Stab: Sleeping          |     1 |     2 ||     3
  Eat: Chunk             |     1 |     3 ||     4
